 Dungeon Crawl Stone Soup version 0.28-b1-70-g80dc712255 (webtiles) character file.

Game seed: 10613378429975797832

257 crazypyro the Slasher (level 5, -12/41 HPs)
             Began as a Demonspawn Fighter on Feb 3, 2022.
             Mangled by an ogre (14 damage)
             ... on level 4 of the Dungeon.
             The game lasted 00:03:19 (3396 turns).

crazypyro the Slasher (Demonspawn Fighter)          Turns: 3396, Time: 00:03:20

Health: -12/41     AC: 12    Str: 18    XL:     5   Next: 93%
Magic:  5/5        EV:  9    Int: 10    God:
Gold:   157        SH:  4    Dex: 12    Spells: 4/4 levels left

rFire   . . .      SeeInvis .   a - +0 long sword
rCold   . . .      Faith    .   c - +0 buckler
rNeg    . . .      Spirit   .   j - +0 plate armour
rPois   .          Reflect  .   (helmet restricted)
rElec   .          Harm     .   k - +0 cloak
rCorr   .          Rampage  .   (no gloves)
Will    .....                   (no boots)
Stlth   ..........              (no amulet)
HPRegen 0.13/turn               l - +4 ring of evasion
MPRegen 0.18/turn               q - ring of flight

@: flying
A: horns 1, magic regeneration
a: no special abilities


You were on level 4 of the Dungeon.
You visited 1 branch of the dungeon, and saw 4 of its levels.

You collected 157 gold pieces.

Inventory:

Hand Weapons
 a - a +0 long sword (weapon)
 f - a +0 vorpal spear
Armour
 c - a +0 buckler (worn)
 j - a +0 plate armour (worn)
 k - a +0 cloak (worn)
Jewellery
 l - a +4 ring of evasion (left hand)
 o - a +6 ring of intelligence
 q - a ring of flight (right hand)
Scrolls
 b - a scroll of holy word {unknown}
 e - a scroll of summoning {unknown}
 g - a scroll of enchant armour {unknown}
 h - 2 scrolls of teleportation {unknown}
 i - 3 scrolls of identify {unknown}
 p - a scroll of acquirement {unknown}
 s - a scroll of silence {unknown}
Potions
 d - a potion of might
 m - a potion of flight {unknown}
 n - a potion of attraction {unknown}
 r - a potion of curing {unknown}
 t - a potion of heal wounds {unknown}


   Skills:
 - Level 3.4 Fighting
 * Level 5.0 Long Blades
 - Level 3.1 Armour
 - Level 3.0 Shields


You had 4 spell levels left.
You didn't know any spells.
Your spell library contained the following spells:

 Spells                   Type           Power      Damage    Failure   Level
 Apportation              Tloc           0%         N/A       100%        1
 Corpse Rot               Necr/Air       0%         N/A       100%        2
 Poisonous Vapours        Pois/Air       0%         N/A       100%        2
 Tukima's Dance           Hex            0%         N/A       100%        3
 Anguish                  Hex/Necr       0%         N/A       100%        4
 Alistair's Intoxication  Tmut/Pois      0%         N/A       100%        5
 Enfeeble                 Hex            0%         N/A       100%        7


Dungeon Overview and Level Annotations

Branches:
Dungeon (4/15)
 Temple: D:4-7

Altars:
Vehumet

Annotations:
D:3 exclusion: statue


Innate Abilities, Weirdness & Mutations

You have a pair of small horns on your head.
You regenerate magic rapidly.


Message History

You miss the adder. You block the adder's attack.
You miss the adder. Your headbutt misses the adder.
The adder bites you but does no damage. x2
You barely miss the adder. Your headbutt misses the adder.
The adder closely misses you. The adder misses you.
You miss the adder. The adder bites you but does no damage.
You slash the adder! You headbutt the adder.
You kill the adder!
Your Long Blades skill increases to level 5!
No target in view!
No target in view!
t - a sapphire potion
Found 26 stones.
There is a stone staircase leading up here.
You see here 26 stones.
An ogre comes into view. It is wielding a +0 giant club.
The ogre shouts!
You hit the ogre.
The ogre is lightly wounded.
You block the ogre's attack.
You slash the ogre!
The ogre is moderately wounded.
The ogre hits you with a +0 giant club.
You slash the ogre! Your headbutt misses the ogre.
The ogre is heavily wounded.
The ogre hits you with a +0 giant club!
You hit the ogre.
You headbutt the ogre, but do no damage.
The ogre is severely wounded.
The ogre hits you with a +0 giant club!!
* * * LOW HITPOINT WARNING * * *
You are too injured to fight recklessly!
You hit the ogre. Your headbutt misses the ogre.
The ogre is severely wounded.
The ogre hits you with a +0 giant club!
* * * LOW HITPOINT WARNING * * *
You completely miss the ogre.
The ogre is severely wounded.
The ogre hits you with a +0 giant club!
You die...

##.###.##.# #.# #.##.#
.. #.# #.##.# ..
#.###.##.# .# #........#
.## ###.#.#### ##..##
###.....########....####
.............(.........+
###...#<########@...###
##.##.# #O..## ####.#
#.### #.# #.# #.# #.#
#.# #.# #.# #.#
#######.# #.# ........#


You could see an ogre.

Vanquished Creatures
  5 orc wizards (D:3)
  3 gnolls (D:2)
  2 adders
  A worm (D:2)
  2 dart slugs
  5 orcs (D:3)
  7 bats
  3 endoplasms
  2 giant cockroaches
  11 goblins
  4 hobgoblins
  6 quokkas
  4 ball pythons
  15 frilled lizards
  2 kobolds
  4 rats
76 creatures vanquished.

Vanquished Creatures (others)
  3 plants (D:1)
3 creatures vanquished.

Grand Total: 79 creatures vanquished

Notes
Turn   | Place    | Note
-------+----------+-------------------------------------------
     0 | D:1      | crazypyro the Demonspawn Fighter began the quest for the
                  | Orb.
     0 | D:1      | Reached XP level 1. HP: 18/18 MP: 1/1
    62 | D:1      | Found a faded altar of an unknown god.
   256 | D:1      | Reached skill level 2 in Long Blades
   267 | D:1      | Gained mutation: You regenerate magic rapidly. [demonic
                  | ancestry]
   267 | D:1      | Reached XP level 2. HP: 24/24 MP: 2/2
   735 | D:1      | Gained mutation: You have a pair of small horns on your
                  | head. [demonic ancestry]
   735 | D:1      | Reached XP level 3. HP: 27/29 MP: 3/3
  1438 | D:2      | Reached XP level 4. HP: 19/35 MP: 4/4
  1443 | D:2      | Reached skill level 3 in Long Blades
  2473 | D:3      | Reached skill level 4 in Long Blades
  2473 | D:3      | Reached XP level 5. HP: 39/41 MP: 5/5
  2575 | D:3      | Found a radiant altar of Vehumet.
  2575 | D:3      | Noticed a frost-covered statue
  3347 | D:4      | Reached skill level 5 in Long Blades
  3389 | D:4      | Noticed an ogre
  3395 | D:4      | HP: 1/41 [ogre (11)]
  3396 | D:4      | Mangled by an ogre

Illustrated notes

Levels and vault maps discovered:
D:1:      dpeg_arrival_signposts, layout_basic,
          hellmonk_ecumenical_altar_slurped_away,
          minmay_misc_feat_secret_circle, kennysheep_another_room,
          hangedman_feature_mirror, chequers_serial_rivers_room_b,
          minmay_lizard_king
D:2:      minmay_skewed_foursquare, layout_rooms
D:3:      minmay_wonky_spiral, layout_loops_ring, vehumet_statue
D:4:      layout_loops_corners, mainiacjoe_overflow_paths,
          chequers_temple_overflow_statue_of_worship, serial_shops, shop,
          minmay_unequal

Skill      XL: |  1  2  3  4  5 |
---------------+----------------+-----
Long Blades    | 2 4 5 |  5.0
Armour         | 3 |  3.1
Shields        | 3 |  3.0
Fighting       | |  3.4

Action                   |  1- 3 |  4- 6 || total
-------------------------+-------+-------++-------
Melee: Long sword        |    14 |    53 ||    67
       Spear             |   126 |    62 ||   188
       Headbutt          |     7 |    16 ||    23
Armor: Scale mail        |    48 |       ||    48
       Plate armour      |    27 |    57 ||    84
Dodge: Dodged            |    41 |    37 ||    78
Block: Buckler           |    22 |    18 ||    40
